TOP OF THE 1ST |
Arizona Diamondbacks batting - Pitching for Cincinnati Reds : RHP Matt Sigurdson
|
Pitching: RHP Matt Sigurdson
|
|
Batting: LHB Eric Klasek
|
0-0: Ball 1-0: Ground out 4-3 (Groundball, 4, EV 85.0 MPH)
|
Batting: RHB David Price Jr.
|
0-0: Ball 1-0: Foul Ball, location: 2F 1-1: DOUBLE (Line Drive, 8LXD, EV 108.1 MPH)
|
Batting: SHB Alec Thorpe
|
0-0: Called Strike 0-1: Ball 1-1: Ball 2-1: Swinging Strike 2-2: Ball 3-2: Strikes out looking
|
Batting: LHB Danny Dunham
|
0-0: Ball 1-0: DOUBLE (Flyball, 8LXD, EV 98.1 MPH) David Price Jr. scores
|
Batting: SHB Perry Tuckfard
|
0-0: Ball 1-0: Ball 2-0: Swinging Strike 2-1: Fly out, F9 (Flyball, 9LM, EV 76.9 MPH)
|
Top of the 1st over - 1 run, 2 hits, 0 errors, 1 left on base; Arizona 1 - Cincinnati 0 |
BOTTOM OF THE 1ST |
Cincinnati Reds batting - Pitching for Arizona Diamondbacks : RHP Marcus Wolfe
|
Pitching: RHP Marcus Wolfe
|
|
Batting: LHB Jon Ledesma
|
0-0: Ground out 4-3 (Groundball, 4, EV 80.6 MPH)
|
Batting: LHB Sean Geisler
|
0-0: Ball 1-0: Called Strike 1-1: Foul Ball, location: 2F 1-2: Strikes out looking
|
Batting: LHB Jake Bill
|
0-0: Foul Ball, location: 2F 0-1: Swinging Strike 0-2: Ball 1-2: Ball 2-2: Foul Ball, location: 2F 2-2: Strikes out swinging
|
Bottom of the 1st over - 0 runs, 0 hits, 0 errors, 0 left on base; Arizona 1 - Cincinnati 0 |
TOP OF THE 2ND |
Arizona Diamondbacks batting - Pitching for Cincinnati Reds : RHP Matt Sigurdson
|
Batting: SHB Troy McClure
|
0-0: Called Strike 0-1: Ball 1-1: Fly out, F7 (Flyball, 7, EV 93.1 MPH)
|
Batting: LHB Roy Steigerwald
|
0-0: Ball 1-0: Fly out, F9 (Flyball, 89S, EV 81.9 MPH)
|
Batting: LHB Kyle Beaulieu
|
0-0: Foul Ball, location: 2F 0-1: Ball 1-1: Ball 2-1: Swinging Strike 2-2: Foul Ball, location: 2F 2-2: Foul Ball, location: 2F 2-2: Strikes out looking
|
Top of the 2nd over - 0 runs, 0 hits, 0 errors, 0 left on base; Arizona 1 - Cincinnati 0 |
BOTTOM OF THE 2ND |
Cincinnati Reds batting - Pitching for Arizona Diamondbacks : RHP Marcus Wolfe
|
Batting: RHB Willie Cardamone
|
0-0: Foul Ball, location: 2F 0-1: Called Strike 0-2: Ground out 1-3 (Groundball, 13, EV 63.8 MPH)
|
Batting: SHB Saulo Maina
|
0-0: Called Strike 0-1: Ball 1-1: Called Strike 1-2: Strikes out swinging
|
Batting: RHB Fred Slade
|
0-0: Called Strike 0-1: Ball 1-1: Foul Ball, location: 2F 1-2: Ball 2-2: Foul Ball, location: 2F 2-2: Ball 3-2: Fly out, F8 (Flyball, 8LD, EV 90.0 MPH)
|
Bottom of the 2nd over - 0 runs, 0 hits, 0 errors, 0 left on base; Arizona 1 - Cincinnati 0 |
TOP OF THE 3RD |
Arizona Diamondbacks batting - Pitching for Cincinnati Reds : RHP Matt Sigurdson
|
Batting: RHB Mario Soto
|
0-0: Called Strike 0-1: Ground out 6-3 (Groundball, 6, EV 80.6 MPH)
|
Batting: LHB Eric Klasek
|
0-0: Ball 1-0: Swinging Strike 1-1: Foul Ball, location: 2F 1-2: Foul Ball, location: 2F 1-2: Ball 2-2: Fly out, F9 (Flyball, 89S, EV 86.9 MPH)
|
Batting: RHB David Price Jr.
|
0-0: Ground out 6-3 (Groundball, 6, EV 89.4 MPH)
|
Top of the 3rd over - 0 runs, 0 hits, 0 errors, 0 left on base; Arizona 1 - Cincinnati 0 |
BOTTOM OF THE 3RD |
Cincinnati Reds batting - Pitching for Arizona Diamondbacks : RHP Marcus Wolfe
|
Batting: RHB Willie Lazcano
|
0-0: Called Strike 0-1: Ball 1-1: Ball 2-1: Ground out 5-3 (Groundball, 56S, EV 90.0 MPH)
|
Batting: LHB Shawn Morrison
|
0-0: Ball 1-0: Foul Ball, location: 2F 1-1: Swinging Strike 1-2: Ball 2-2: Strikes out looking
|
Batting: LHB Andy Arbuckle
|
0-0: Called Strike 0-1: Ball 1-1: Called Strike 1-2: Ground out U3 (Groundball, 3L, EV 83.8 MPH)
|
Bottom of the 3rd over - 0 runs, 0 hits, 0 errors, 0 left on base; Arizona 1 - Cincinnati 0 |
TOP OF THE 4TH |
Arizona Diamondbacks batting - Pitching for Cincinnati Reds : RHP Matt Sigurdson
|
Batting: SHB Alec Thorpe
|
0-0: Ball 1-0: Foul Ball, location: 2F 1-1: Foul Ball, location: 2F 1-2: Ball 2-2: Ball 3-2: Foul Ball, location: 2F 3-2: Ground out 1-3 (Groundball, 13S, EV 70.0 MPH)
|
Batting: LHB Danny Dunham
|
0-0: Called Strike 0-1: Ground out 4-3 (Groundball, 34, EV 76.2 MPH)
|
Batting: SHB Perry Tuckfard
|
0-0: Ball 1-0: Swinging Strike 1-1: Ball 2-1: Foul Ball, location: 2F 2-2: Foul Ball, location: 2F 2-2: Strikes out swinging
|
Top of the 4th over - 0 runs, 0 hits, 0 errors, 0 left on base; Arizona 1 - Cincinnati 0 |
BOTTOM OF THE 4TH |
Cincinnati Reds batting - Pitching for Arizona Diamondbacks : RHP Marcus Wolfe
|
Batting: LHB Jon Ledesma
|
0-0: Swinging Strike 0-1: Swinging Strike 0-2: Foul Ball, location: 2F 0-2: Ball 1-2: Foul Ball, location: 2F 1-2: Foul Ball, location: 2F 1-2: Strikes out swinging
|
Batting: LHB Sean Geisler
|
0-0: Called Strike 0-1: Ball 1-1: Foul Ball, location: 2F 1-2: Foul Ball, location: 2F 1-2: Fly out, F6 (Popup, 4M, EV 59.4 MPH)
|
Batting: LHB Jake Bill
|
0-0: Called Strike 0-1: Called Strike 0-2: Foul Ball, location: 2F 0-2: Ground out 5-3 (Groundball, 5, EV 89.4 MPH)
|
Bottom of the 4th over - 0 runs, 0 hits, 0 errors, 0 left on base; Arizona 1 - Cincinnati 0 |
TOP OF THE 5TH |
Arizona Diamondbacks batting - Pitching for Cincinnati Reds : RHP Matt Sigurdson
|
Batting: SHB Troy McClure
|
0-0: Called Strike 0-1: Foul Ball, location: 2F 0-2: Ball 1-2: Strikes out swinging
|
Batting: LHB Roy Steigerwald
|
0-0: Ball 1-0: SOLO HOME RUN (Line Drive, 89XD, EV 98.1 MPH), Distance : 399 ft
|
Batting: LHB Kyle Beaulieu
|
0-0: Ball 1-0: Ground out 4-3 (Groundball, 34, EV 78.1 MPH)
|
Batting: RHB Mario Soto
|
0-0: Called Strike 0-1: Swinging Strike 0-2: Fly out, F8 (Flyball, 8LD, EV 91.9 MPH)
|
Top of the 5th over - 1 run, 1 hit, 0 errors, 0 left on base; Arizona 2 - Cincinnati 0 |
BOTTOM OF THE 5TH |
Cincinnati Reds batting - Pitching for Arizona Diamondbacks : RHP Marcus Wolfe
|
Batting: RHB Willie Cardamone
|
0-0: Called Strike 0-1: Swinging Strike 0-2: Fly out, F7 (Flyball, 7, EV 85.6 MPH)
|
Batting: SHB Saulo Maina
|
0-0: SINGLE (Groundball, 25, EV 67.5 MPH) (infield hit)
|
Batting: RHB Fred Slade
|
0-0: Foul Ball, location: 2F 0-1: Ball 1-1: Ball 2-1: Grounds into double play, 6-4-3 (Groundball, 6, EV 96.9 MPH)
|
Bottom of the 5th over - 0 runs, 1 hit, 0 errors, 0 left on base; Arizona 2 - Cincinnati 0 |
TOP OF THE 6TH |
Arizona Diamondbacks batting - Pitching for Cincinnati Reds : RHP Matt Sigurdson
|
Batting: LHB Eric Klasek
|
0-0: Foul Ball, location: 2F 0-1: SINGLE (Groundball, 34D, EV 105.0 MPH)
|
Batting: RHB David Price Jr.
|
0-0: Called Strike 0-1: Foul Ball, location: 2F 0-2: Strikes out looking
|
Batting: SHB Alec Thorpe
|
0-0: Foul Ball, location: 2F 0-1: Ball 1-1: Ball 2-1: Foul Ball, location: 2F 2-2: Foul Ball, location: 2F 2-2: Ball 3-2: DOUBLE (Line Drive, 89D, EV 100.6 MPH) Eric Klasek to third
|
Batting: LHB Danny Dunham
|
0-0: Ball 1-0: SINGLE (Line Drive, 56, EV 106.2 MPH) Eric Klasek scores Alec Thorpe to third Runner from 3rd tries for Home, SAFE, throw by LF to home
|
Batting: SHB Perry Tuckfard
|
0-0: Ball 1-0: Ball 2-0: Ball 3-0: Called Strike 3-1: Base on Balls Danny Dunham to second
|
Batting: SHB Troy McClure
|
0-0: Ball 1-0: Called Strike 1-1: Ball 2-1: Foul Ball, location: 2F 2-2: Strikes out swinging
|
Batting: LHB Roy Steigerwald
|
0-0: Ball 1-0: Called Strike 1-1: Ball 2-1: Foul Ball, location: 2F 2-2: Strikes out swinging
|
Top of the 6th over - 2 runs, 3 hits, 0 errors, 2 left on base; Arizona 4 - Cincinnati 0 |
BOTTOM OF THE 6TH |
Cincinnati Reds batting - Pitching for Arizona Diamondbacks : RHP Marcus Wolfe
|
Batting: RHB Willie Lazcano
|
0-0: Ball 1-0: Ball 2-0: Ball 3-0: Base on Balls
|
Batting: LHB Shawn Morrison
|
0-0: Ball 1-0: Swinging Strike 1-1: Ball Wild Pitch! Willie Lazcano to second 2-1: Ball 3-1: Ground out 4-3 (Groundball, 4MD, EV 79.4 MPH) Willie Lazcano to third
|
Batting: LHB Andy Arbuckle
|
0-0: Ball 1-0: Ball 2-0: Fly out, F9 (Line Drive, 9, EV 101.2 MPH)
|
Batting: LHB Jon Ledesma
|
0-0: Fly out, F8 (Flyball, 8RM, EV 80.0 MPH)
|
Bottom of the 6th over - 0 runs, 0 hits, 0 errors, 1 left on base; Arizona 4 - Cincinnati 0 |
TOP OF THE 7TH |
Arizona Diamondbacks batting - Pitching for Cincinnati Reds : RHP Matt Sigurdson
|
Batting: LHB Kyle Beaulieu
|
0-0: Foul Ball, location: 2F 0-1: Ball 1-1: Foul Ball, location: 2F 1-2: Ball 2-2: SINGLE (Groundball, 34D, EV 84.4 MPH) (infield hit)
|
Batting: RHB Mario Soto
|
0-0: Called Strike 0-1: Called Strike 0-2: Ball 1-2: Ball 2-2: SINGLE (Groundball, 6MD, EV 94.4 MPH) Kyle Beaulieu to second Runner from 2nd tries for 3rd, OUT! 8-5 Mario Soto to second
|
Pitching: LHP Dave Rivera
|
|
Batting: LHB Eric Klasek
|
0-0: Ball 1-0: Called Strike 1-1: Ball 2-1: DOUBLE (Line Drive, 7LM, EV 108.1 MPH) Mario Soto scores
|
Batting: RHB David Price Jr.
|
0-0: Ball 1-0: Called Strike 1-1: Ball 2-1: Foul Ball, location: 2F 2-2: Strikes out swinging
|
Batting: SHB Alec Thorpe
|
0-0: Foul Ball, location: 2F 0-1: Ball 1-1: Foul Ball, location: 2F 1-2: Ball 2-2: Ball 3-2: Fly out, F9 (Flyball, 89D, EV 95.0 MPH)
|
Top of the 7th over - 1 run, 3 hits, 0 errors, 1 left on base; Arizona 5 - Cincinnati 0 |
BOTTOM OF THE 7TH |
Cincinnati Reds batting - Pitching for Arizona Diamondbacks : RHP Marcus Wolfe
|
Now in LF: Eric Klasek
|
|
Now in RF: Fabrice Bertin
|
|
Batting: LHB Sean Geisler
|
0-0: Foul Ball, location: 2F 0-1: Foul Ball, location: 2F 0-2: Ball 1-2: Ball 2-2: Strikes out swinging
|
Batting: LHB Jake Bill
|
0-0: Called Strike 0-1: Foul Ball, location: 2F 0-2: Ground out 5-3 (Groundball, 56S, EV 82.5 MPH)
|
Batting: RHB Willie Cardamone
|
0-0: Ball 1-0: SINGLE (Line Drive, 9S, EV 105.0 MPH)
|
Batting: SHB Saulo Maina
|
0-0: Called Strike 0-1: 2-RUN HOME RUN (Line Drive, 8LXD, EV 104.4 MPH), Distance : 428 ft
|
Batting: RHB Fred Slade
|
0-0: Foul Ball, location: 2F 0-1: Ground out 6-3 (Groundball, 6, EV 102.5 MPH)
|
Bottom of the 7th over - 2 runs, 2 hits, 0 errors, 0 left on base; Arizona 5 - Cincinnati 2 |
TOP OF THE 8TH |
Arizona Diamondbacks batting - Pitching for Cincinnati Reds : LHP Dave Rivera
|
Batting: LHB Danny Dunham
|
0-0: Ball 1-0: Ball 2-0: Foul Ball, location: 2F 2-1: Foul Ball, location: 2F 2-2: Ball 3-2: Fly out, F8 (Flyball, 8RM, EV 92.5 MPH)
|
Batting: SHB Perry Tuckfard
|
0-0: Swinging Strike 0-1: TRIPLE (Flyball, 89XD, EV 105.6 MPH)
|
Batting: RHB Fabrice Bertin
|
0-0: Intentional Walk
|
Batting: LHB Roy Steigerwald
|
0-0: Ball 1-0: Called Strike Fabrice Bertin is caught stealing 2nd base 2-6 1-1: Called Strike 1-2: SINGLE (Flyball, 9LS, EV 97.5 MPH) Perry Tuckfard scores
|
Batting: LHB Kyle Beaulieu
|
0-0: 2-RUN HOME RUN (Flyball, 78XD, EV 106.2 MPH), Distance : 393 ft
|
Pitching: LHP David James
|
|
Batting: RHB Mario Soto
|
0-0: Ball 1-0: SINGLE (Line Drive, 56D, EV 96.9 MPH)
|
Batting: LHB Eric Klasek
|
0-0: SINGLE (Line Drive, 9S, EV 91.9 MPH) Mario Soto to second Runner from 2nd tries for 3rd, SAFE, throw by RF made to third
|
Batting: RHB David Price Jr.
|
0-0: Ball 1-0: Foul Ball, location: 2F 1-1: Ball 2-1: Foul Ball, location: 2F 2-2: Strikes out swinging, 2-3 out at first.
|
Top of the 8th over - 3 runs, 5 hits, 0 errors, 2 left on base; Arizona 8 - Cincinnati 2 |
BOTTOM OF THE 8TH |
Cincinnati Reds batting - Pitching for Arizona Diamondbacks : RHP Marcus Wolfe
|
Batting: RHB Willie Lazcano
|
0-0: Ball 1-0: Foul Ball, location: 2F 1-1: Ball 2-1: Called Strike 2-2: Foul Ball, location: 2F 2-2: Ground out 5-3 (Groundball, 56, EV 89.4 MPH)
|
Batting: LHB Shawn Morrison
|
0-0: Called Strike 0-1: Ball 1-1: Foul Ball, location: 2F 1-2: Foul Ball, location: 2F 1-2: Strikes out swinging
|
Batting: LHB Andy Arbuckle
|
0-0: Ball 1-0: Ground out 5-3 (Groundball, 56, EV 105.6 MPH)
|
Bottom of the 8th over - 0 runs, 0 hits, 0 errors, 0 left on base; Arizona 8 - Cincinnati 2 |
TOP OF THE 9TH |
Arizona Diamondbacks batting - Pitching for Cincinnati Reds : LHP David James
|
Batting: SHB Alec Thorpe
|
0-0: Ball 1-0: Foul Ball, location: 2F 1-1: Ball 2-1: Ball 3-1: Base on Balls
|
Batting: LHB Danny Dunham
|
0-0: Ball 1-0: SINGLE (Groundball, 6MS, EV 63.8 MPH) (infield hit) Alec Thorpe to second
|
Batting: SHB Perry Tuckfard
|
0-0: Ball 1-0: Ball 2-0: Called Strike 2-1: Foul Ball, location: 2F 2-2: Foul Ball, location: 2F 2-2: Fly out, F8 (Line Drive, 8LD, EV 98.8 MPH)
|
Batting: RHB Fabrice Bertin
|
0-0: Foul Ball, location: 2F 0-1: Called Strike 0-2: Strikes out looking
|
Batting: LHB Roy Steigerwald
|
0-0: Called Strike 0-1: Ball 1-1: Ground out 6-3 (Groundball, P, EV 91.2 MPH)
|
Top of the 9th over - 0 runs, 1 hit, 0 errors, 2 left on base; Arizona 8 - Cincinnati 2 |
BOTTOM OF THE 9TH |
Cincinnati Reds batting - Pitching for Arizona Diamondbacks : RHP Marcus Wolfe
|
Batting: LHB Jon Ledesma
|
0-0: Foul Ball, location: 2F 0-1: Ball 1-1: Called Strike 1-2: Strikes out swinging
|
Batting: LHB Sean Geisler
|
0-0: Ball 1-0: Foul Ball, location: 2F 1-1: Foul Ball, location: 2F 1-2: Foul Ball, location: 2F 1-2: Foul Ball, location: 2F 1-2: Foul Ball, location: 2F 1-2: Ground out 6-3 (Groundball, 6M, EV 103.8 MPH)
|
Batting: LHB Jake Bill
|
0-0: Ground out 6-3 (Groundball, 6, EV 97.5 MPH)
|
Bottom of the 9th over - 0 runs, 0 hits, 0 errors, 0 left on base; Arizona 8 - Cincinnati 2 |
|